[Event "Titled Tuesday Blitz June 27 Late 2023"]
[White "Vaglio Munoz, Jaime"]
[Black "Andersson, Bjorn 1971"]
[WhiteFideId "6500145"]
[BlackFideId "1702114"]
[WhiteElo "2273"]
[BlackElo "2328"]
[Result "1/2-1/2"]
[Round "11"]
[TimeControl "180+2"]
[Date "2023.06.27"]
[WhiteClock "0:00:58"]
[BlackClock "0:00:08"]
[Board "95"]

1. Nf3 c5 2. c4 Nc6 3. b3 Nf6 4. Bb2 g6 5. Bxf6 exf6 6. d3 Bg7 7. Nbd2 O-O 8. g3 d5 9. Bg2 d4 10. O-O Rb8 11. Rc1 Ne5 12. a3 b6 13. b4 Qe7 14. b5 Bb7 15. a4 f5 16. Re1 Qc7 17. a5 bxa5 18. Qa4 f4 19. Ra1 fxg3 20. hxg3 Bh6 21. Qxa5 Qe7 22. Qxa7 Ra8 23. Qb6 Rxa1 24. Rxa1 Bxd2 25. Ra7 Nxf3+ 26. Bxf3 Qg5 27. Rxb7 Bb4 28. Bd5 h5 29. Qc7 Qf6 30. Qf4 Qxf4 31. gxf4 Kg7 32. Kg2 Kf6 33. Kf3 Be1 34. e4 h4 35. Rc7 h3 36. b6 Ba5 37. Rc6+ Kg7 38. b7 Rh8 39. Rc8 Bd8 40. b8=Q h2 41. Qe5+ f6 42. Rc7+ Bxc7 43. Qe6 Kh6 44. Qh3+ Kg7 45. Qd7+ Kh6 46. Qh3+ Kg7 47. Qd7+ Kh6 48. Qh3+ 1/2-1/2


[Site "https://www.chess.com"]

[Event "Titled Tuesday Blitz June 27 Late 2023"]
[White "Oliveira, Tiago Batista"]
[Black "Szente Varga, Fruzsina"]
[WhiteFideId "2108291"]
[BlackFideId "712264"]
[WhiteElo "2166"]
[BlackElo "2314"]
[Result "0-1"]
[Round "11"]
[TimeControl "180+2"]
[Date "2023.06.27"]
[WhiteClock "0:00:01"]
[BlackClock "0:00:04"]
[Board "97"]

1. d4 Nf6 2. c4 g6 3. Nc3 Bg7 4. e4 d6 5. Nf3 O-O 6. Be2 e5 7. Be3 Nc6 8. d5 Ne7 9. Nd2 Nd7 10. b4 f5 11. f3 f4 12. Bf2 a5 13. bxa5 Rxa5 14. Nb3 Ra8 15. Qc2 b6 16. a4 Nc5 17. Nxc5 dxc5 18. Qb3 Bd7 19. Nb5 Nc8 20. Kd2 Bxb5 21. cxb5 Nd6 22. Rhc1 Kh8 23. Ra2 Qg5 24. Bf1 Qh5 25. h3 Bf6 26. Kc2 Bh4 27. Be1 Bxe1 28. Rxe1 Qh4 29. Kd1 h5 30. Qc3 Qf6 31. a5 bxa5 32. Rxa5 Nb7 33. Ra6 Qg7 34. Kc2 Nd6 35. Rea1 Rab8 36. Qxc5 Qd7 37. Qc6 Qe7 38. Ra7 Rfc8 39. Ra8 Kg7 40. R1a7 Rxa8 41. Rxa8 Rxa8 42. Qxa8 Nxb5 43. Bxb5 Qc5+ 44. Kd2 Qxb5 45. Qc6 Qb2+ 46. Kd3 Qd4+ 47. Kc2 Qf2+ 48. Kb3 Qxg2 49. Qxc7+ Kh6 50. Qxe5 Qxf3+ 51. Kc4 Qe2+ 52. Kc5 Qe3+ 53. Kc6 f3 54. h4 Kh7 55. Qe7+ Kh6 56. d6 f2 57. Qf8+ Kh7 58. d7 Qc3+ 59. Kb7 Qb3+ 60. Kc8 Qc4+ 61. Kd8 f1=Q 62. Qxf1 Qxf1 63. e5 Kg7 64. e6 Qf8+ 65. Kc7 Qc5+ 66. Kd8 Kf6 67. e7 Qxe7+ 68. Kc8 Qc5+ 69. Kd8 Ke6 70. Ke8 Qe7# 0-1


[Site "https://www.chess.com"]

[Event "Titled Tuesday Blitz June 27 Late 2023"]
[White "Crispin Ferreras, Darvi Abraham"]
[Black "Torres Dominguez, David"]
[WhiteFideId "6402771"]
[BlackFideId "2220857"]
[WhiteElo "2302"]
[BlackElo "2120"]
[Result "1-0"]
[Round "11"]
[TimeControl "180+2"]
[Date "2023.06.27"]
[WhiteClock "0:00:07"]
[BlackClock "0:00:00"]
[Board "98"]

1. e4 e5 2. f4 Bc5 3. Nf3 d6 4. Bc4 Nf6 5. Nc3 Nc6 6. d3 a6 7. a3 O-O 8. Qe2 Re8 9. f5 Nd4 10. Nxd4 exd4 11. Nd5 Nxd5 12. Bxd5 c6 13. Bb3 Bxf5 14. O-O Be6 15. Bxe6 Rxe6 16. Bf4 Qe7 17. Rf3 Re8 18. Raf1 f6 19. Qf2 d5 20. exd5 Re2 21. Qg3 cxd5 22. R3f2 Rxf2 23. Qxf2 Qe2 24. Qxe2 Rxe2 25. Rf2 Re1+ 26. Rf1 Rxf1+ 27. Kxf1 Kf7 28. Ke2 Ke6 29. Kf3 h5 30. Bd2 Kf5 31. h3 h4 32. Bf4 g5 33. Bc7 Kg6 34. b4 Ba7 35. a4 b5 36. a5 f5 37. Bb6 Bb8 38. Bxd4 Kh5 39. Bc5 Be5 40. Be7 Bc3 41. Ke3 Be5 42. Bc5 Kg6 43. Kf3 Kh5 44. Ke2 g4 45. Bf2 Kg5 46. Be3+ f4 47. Bc5 f3+ 48. Kf2 gxh3 49. gxh3 Bc3 50. Kxf3 Kf5 51. Be7 Be1 52. Ke2 Bg3 53. Bc5 Be5 54. Kf3 Bc3 55. Be7 Be1 56. d4 Bc3 57. Bxh4 Bxb4 58. Bd8 Bc3 59. Bb6 Be1 60. Ke2 Bh4 61. Kf3 Bf6 62. c3 Bh4 63. Ke2 Ke4 64. Kd2 Bg5+ 65. Kc2 Bh4 66. Kb3 Be7 67. Bc7 Bh4 68. Bd6 Kf5 69. Kb4 Ke6 70. Kc5 1-0


[Site "https://www.chess.com"]

[Event "Titled Tuesday Blitz June 27 Late 2023"]
[White "Vargas, Mauricio"]
[Black "Powell, Paul"]
[WhiteFideId "4404572"]
[BlackFideId "2005840"]
[WhiteElo "1875"]
[BlackElo "2184"]
[Result "0-1"]
[Round "11"]
[TimeControl "180+2"]
[Date "2023.06.27"]
[WhiteClock "0:00:00"]
[BlackClock "0:00:14"]
[Board "99"]

1. e4 c5 2. Nc3 Nc6 3. f4 g6 4. Nf3 Bg7 5. Bb5 Rb8 6. Bxc6 bxc6 7. O-O d6 8. d3 Nf6 9. Qe1 O-O 10. Qh4 e6 11. f5 Nd7 12. Bg5 f6 13. Bh6 Ne5 14. Bxg7 Kxg7 15. fxg6 hxg6 16. Nxe5 dxe5 17. Nd1 Ba6 18. Qh3 Qd7 19. b3 Rh8 20. Qg3 Rh5 21. h3 Rbh8 22. Kh1 Rg5 23. Qf3 Rf8 24. Ne3 f5 25. Rae1 Rh8 26. exf5 exf5 27. Nc4 Bxc4 28. dxc4 f4 29. Rd1 Qe6 30. Rd2 Rg3 31. Qe2 Rhxh3+ 32. gxh3 Qxh3+ 33. Qh2 Qxf1+ 0-1


[Site "https://www.chess.com"]

[Event "Titled Tuesday Blitz June 27 Late 2023"]
[White "Kujawski, Adam"]
[Black "Allam, Yara"]
[WhiteFideId "1100920"]
[BlackFideId "10615709"]
[WhiteElo "2317"]
[BlackElo "2068"]
[Result "1-0"]
[Round "11"]
[TimeControl "180+2"]
[Date "2023.06.27"]
[WhiteClock "0:00:20"]
[BlackClock "0:00:35"]
[Board "100"]

1. e4 c5 2. Nf3 e6 3. d4 cxd4 4. Nxd4 Nf6 5. Nc3 a6 6. e5 Ng8 7. Be2 d6 8. Bf4 dxe5 9. Bxe5 Nf6 10. Qd2 Bd6 11. Bg3 Bxg3 12. hxg3 Bd7 13. O-O-O Nc6 14. Bf3 Qc7 15. Nxc6 Bxc6 16. Qd6 Qxd6 17. Rxd6 Ke7 18. Rhd1 Bxf3 19. gxf3 Rhd8 20. Rxd8 Rxd8 21. Rxd8 Kxd8 22. Kd2 Kd7 23. Kd3 Kc6 24. b4 Nd5 25. Nxd5 Kxd5 26. c4+ Ke5 27. f4+ Kd6 28. Kd4 f6 29. c5+ Kc6 30. a4 h5 31. Kc4 g5 32. b5+ Kc7 33. fxg5 fxg5 34. Kd4 Kd7 35. Ke4 Ke7 36. Kf3 e5 37. Ke4 Ke6 38. c6 bxc6 39. bxa6 h4 40. gxh4 gxh4 41. a7 h3 42. a8=Q 1-0


[Site "https://www.chess.com"]

[Event "Titled Tuesday Blitz June 27 Late 2023"]
[White "Quirke, Jeffrey"]
[Black "Dmitriev, Sergey"]
[WhiteFideId "2013029"]
[BlackFideId "14101785"]
[WhiteElo "2224"]
[BlackElo "1956"]
[Result "0-1"]
[Round "11"]
[TimeControl "180+2"]
[Date "2023.06.27"]
[WhiteClock "0:00:00"]
[BlackClock "0:00:35"]
[Board "101"]

1. e4 d6 2. d4 e6 3. f4 g6 4. Nf3 Bg7 5. Bd3 Ne7 6. O-O O-O 7. Nc3 Nd7 8. f5 exf5 9. exf5 f6 10. fxg6 Nxg6 11. d5 Nde5 12. Nd4 Nxd3 13. Qxd3 c5 14. Nf5 Qb6 15. Kh1 Ne5 16. Qe2 Bxf5 17. Rxf5 Rae8 18. Qf1 Ng6 19. b3 Re5 20. Bb2 Qb4 21. Rf2 Qg4 22. h3 Qg3 23. Rf3 Qh4 24. Re1 Rfe8 25. Rd1 Re3 26. Nb5 Rxf3 27. Qxf3 Re1+ 28. Rxe1 Qxe1+ 29. Kh2 Ne5 30. Qf5 Nf7 31. Bxf6 Bxf6 32. Qxf6 Qe5+ 33. Qxe5 dxe5 34. Kg3 Kf8 35. Kf3 Ke7 36. Ke4 a6 37. Nc7 Kd6 38. Ne6 b5 39. c4 bxc4 40. bxc4 a5 41. h4 a4 42. a3 Nh6 43. Kf3 Nf5 44. g4 Nxh4+ 45. Kg3 Ng6 46. g5 Ne7 47. Kg4 Ng6 48. Kh5 e4 49. Ng7 Ke5 50. Kh6 e3 51. d6 Kxd6 52. Nf5+ Ke5 53. Nxe3 Kd4 54. Kxh7 Nf4 55. Nf5+ Kxc4 56. g6 Nxg6 57. Kxg6 Kb3 0-1


[Site "https://www.chess.com"]

[Event "Titled Tuesday Blitz June 27 Late 2023"]
[White "Sarkar, Justin"]
[Black "Ricaurte Lopez, Juan Carlos"]
[WhiteFideId "2010011"]
[BlackFideId "3600327"]
[WhiteElo "2256"]
[BlackElo "2103"]
[Result "0-1"]
[Round "11"]
[TimeControl "180+2"]
[Date "2023.06.27"]
[WhiteClock "0:00:00"]
[BlackClock "0:00:50"]
[Board "102"]

1. d4 Nf6 2. c4 e6 3. Nc3 b6 4. e4 Bb7 5. Bd3 Bb4 6. Qc2 c5 7. d5 exd5 8. exd5 O-O 9. Ne2 b5 10. O-O bxc4 11. Bxc4 d6 12. Bf4 Nh5 13. Be3 Nd7 14. Rad1 Ne5 15. b3 Qh4 16. Ne4 Ng4 17. h3 Nxe3 18. fxe3 Qe7 19. g4 Rae8 0-1


[Site "https://www.chess.com"]

[Event "Titled Tuesday Blitz June 27 Late 2023"]
[White "Waldo Zalapa, Alejandro"]
[Black "Cardenas Carbajal, Nilson"]
[WhiteFideId "5106109"]
[BlackFideId "8401128"]
[WhiteElo "2154"]
[BlackElo "2102"]
[Result "0-1"]
[Round "11"]
[TimeControl "180+2"]
[Date "2023.06.27"]
[WhiteClock "0:00:20"]
[BlackClock "0:00:47"]
[Board "103"]

1. e4 c5 2. d4 cxd4 3. c3 dxc3 4. Nxc3 Nc6 5. Bc4 a6 6. Nf3 d6 7. O-O Nf6 8. Qe2 Bg4 9. Bg5 e6 10. Rad1 Be7 11. h3 Bxf3 12. gxf3 O-O 13. Kh2 Qa5 14. Bf4 Rac8 15. Bb3 Nh5 16. Qe3 Nxf4 17. Qxf4 Qe5 18. Qxe5 Nxe5 19. f4 Nc4 20. Bxc4 Rxc4 21. f3 b5 22. Rd2 Rfc8 23. Rg1 g6 24. f5 b4 25. Na4 Rc2 26. Rgg2 Rxd2 27. Rxd2 Rc6 28. fxe6 fxe6 29. Kg3 Bf6 30. f4 Kf7 31. Re2 g5 32. fxg5 Bxg5 33. Kg4 Bf6 34. b3 Be5 35. Rf2+ Ke7 36. Kh5 Rc1 37. h4 Rh1 38. Rg2 Bf6 39. Rg4 Re1 40. Kh6 Rh1 41. h5 Rh2 42. Rg8 Kf7 43. Ra8 Be5 44. Ra7+ Kf6 45. Kxh7 Rxh5+ 46. Kg8 Kg5 47. Kf7 Rh6 48. Rxa6 Kf4 49. Nb6 Kxe4 50. Nc4 d5 51. Na5 d4 52. Nc6 d3 53. Nxb4 d2 54. Nc2 0-1


[Site "https://www.chess.com"]

[Event "Titled Tuesday Blitz June 27 Late 2023"]
[White "Sainz Aguirre, Ignacio"]
[Black "Ng, Matthew K"]
[WhiteFideId "5101727"]
[BlackFideId "2094371"]
[WhiteElo "1955"]
[BlackElo "2055"]
[Result "1-0"]
[Round "11"]
[TimeControl "180+2"]
[Date "2023.06.27"]
[WhiteClock "0:01:22"]
[BlackClock "0:00:27"]
[Board "105"]

1. e4 g6 2. d4 Bg7 3. Nc3 c5 4. Nf3 cxd4 5. Nxd4 Nc6 6. Be3 d6 7. Bc4 Nf6 8. Bb3 O-O 9. f3 Bd7 10. Qd2 Qa5 11. h4 h5 12. Bg5 Nxd4 13. Qxd4 Rac8 14. Qd2 b5 15. O-O-O b4 16. Nd5 Nxd5 17. exd5 Qb5 18. Bxe7 Rfe8 19. Bxd6 Re2 20. Qd3 Qxd3 21. Rxd3 Rxg2 22. Bxb4 Bf5 23. Rc3 Re8 24. d6 Bd7 25. Rc7 Bh6+ 26. Kb1 Rd8 27. Re1 Bf8 28. a3 Rf2 29. Re7 Rf1+ 30. Ka2 Be6 31. Rxe6 fxe6 32. Bxe6+ 1-0


[Site "https://www.chess.com"]

[Event "Titled Tuesday Blitz June 27 Late 2023"]
[White "Winkels, Marcel"]
[Black "Gyulamiryan-koryun"]
[WhiteFideId "1003887"]
[WhiteElo "2060"]
[BlackElo "2039"]
[Result "0-1"]
[Round "11"]
[TimeControl "180+2"]
[Date "2023.06.27"]
[WhiteClock "0:00:00"]
[BlackClock "0:00:42"]
[Board "106"]

1. d4 Nf6 2. Bg5 e6 3. Nc3 Be7 4. e4 d6 5. f4 O-O 6. Nf3 c5 7. dxc5 dxc5 8. Qxd8 Bxd8 9. Bd3 Nc6 10. O-O a6 11. a4 Nb4 12. Rad1 Bb6 13. Kh1 Ng4 14. Rd2 Ne3 15. Re1 Nexc2 16. Bxc2 f6 17. Bh4 c4 18. Bf2 Ba5 19. Bc5 Re8 20. Bb1 b6 21. Bg1 Nc6 22. Red1 b5 23. axb5 axb5 24. Rd6 Bxc3 25. bxc3 Na5 26. Rd8 Bb7 27. Rxa8 Rxa8 28. Rd7 Bc6 29. Rd6 Kf7 30. e5 Bxf3 31. gxf3 f5 32. Kg2 Nb3 33. Bc2 Ra2 34. Rb6 Rxc2+ 35. Bf2 Nc1 36. Rxb5 Nd3 37. Rb7+ Kg6 38. Kg3 Nxf2 39. h4 Nh1+ 40. Kh3 Nf2+ 41. Kg3 Nd1 42. h5+ Kh6 43. Rb6 Rxc3 44. Rxe6+ Kxh5 45. Re7 Kh6 46. Re6+ g6 47. Rf6 Ne3 48. e6 Nd5 49. Rf7 Re3 50. Rd7 Nf6 51. Rf7 Nh5+ 52. Kf2 Rxe6 53. Rc7 Nxf4 54. Rxc4 Nd3+ 55. Kg3 f4+ 56. Kg4 g5 57. Rc5 Ne5+ 0-1